AoeStats
← NumberSwing5845

Hideout

507981610Analyzed
1v1 RM · 10d ago on Sep 20, 2026· 50m 36s· 2 players
Game mode
Random Map
Map size
Tiny (2 player)
Population
200
Speed
Normal
Resources
Standard
Victory
Conquest
Starting age
Dark Age
Ending age
Imperial Age
RankedLock teamsTeams togetherTeam positionsShared explorationLock speedFull tech treeHidden civsTurbo modeCheats
Victory
Defeat
🇪🇸 Burgundians · Spain
517
+14
🇩🇪 Vietnamese · Germany
477
-14
NumberSwing5845
12:25 Feudal Age
10:40 Loom
13:51 Town Watch
14:08 Gold Mining
16:41 Horse Collar
16:51 Double-Bit Axe
18:04 Stone Mining
19:43 Wheelbarrow
20:20 Fletching
20:42 Forging
20:33 Padded Archer Armor
28:57 Castle Age
27:55 Scale Barding Armor
29:44 Bodkin Arrow
30:27 Iron Casting
30:52 Elite Skirmisher
32:32 Leather Archer Armor
32:37 Chain Barding Armor
35:16 Squires
40:03 Scale Mail Armor
40:47 Bow Saw
46:56 Bloodlines
48:01 Pikeman
Whisper x
0:31 Loom
4:00 Double-Bit Axe
7:30 Wheelbarrow
14:15 Feudal Age
14:21 Stone Mining
14:25 Gold Mining
14:18 Horse Collar
15:00 Heavy Plow
18:36 Bow Saw
21:32 Fletching
21:53 Forging
21:37 Man-at-Arms
26:51 Castle Age
27:08 Padded Archer Armor
27:38 Cavalier
28:53 Husbandry
29:13 Scale Barding Armor
36:50 Elite Skirmisher
39:04 Hand Cart
40:11 Bodkin Arrow
40:32 Leather Archer Armor
39:39 Crossbowman
45:34 Imperial Age
45:38 Paladin
50:51 Chemistry
Connection lost

Rejoining the realm…

Still unreachable

The connection could not be restored.

Session expired

The server has moved on; the page needs a fresh start.